| TOP OF THE 1ST |
|
Dayton Dragons batting - Pitching for Atlanta (MID) Braves : RHP Josh Thomas
|
|
Pitching: RHP Josh Thomas
|
|
|
Batting: LHB Nick Nino
|
0-0: Called Strike 0-1: Swinging Strike 0-2: Ball 1-2: Ball 2-2: SINGLE (Groundball, 56, EV 100.6 MPH) (infield hit)
|
|
Batting: LHB Leo Gomez
|
0-0: Ball Nick Nino steals 2nd base 1-0: Ball 2-0: Called Strike 2-1: Foul Ball, location: 2F 2-2: Strikes out looking
|
|
Batting: LHB Chris Grunwald
|
0-0: Called Strike 0-1: Swinging Strike 0-2: Ball 1-2: Foul Ball, location: 2F 1-2: Strikes out swinging
|
|
Batting: SHB Kristian Kristensen
|
0-0: Ball 1-0: Ball 2-0: Swinging Strike 2-1: Ball 3-1: Base on Balls
|
|
Batting: LHB Matt Kennedy
|
0-0: Fly out, F7 (Flyball, 78S, EV 82.5 MPH)
|
| Top of the 1st over - 0 runs, 1 hit, 0 errors, 2 left on base; Dayton 0 - Atlanta (MID) 0 |
| BOTTOM OF THE 1ST |
|
Atlanta (MID) Braves batting - Pitching for Dayton Dragons : RHP Adam McCurdy
|
|
Pitching: RHP Adam McCurdy
|
|
|
Batting: LHB Travis Lazaro
|
0-0: Ball 1-0: Ball 2-0: Called Strike 2-1: Foul Ball, location: 2F 2-2: Foul Ball, location: 2F 2-2: Fly out, F8 (Flyball, 8LXD, EV 107.5 MPH)
|
|
Batting: SHB Brandon McClain
|
0-0: Ball 1-0: Ball 2-0: SINGLE (Groundball, 34D, EV 94.4 MPH)
|
|
Batting: RHB Xavier Davis
|
0-0: Ball 1-0: Called Strike 1-1: Ball 2-1: Reached on error, E6 (Groundball, 6, EV 105.0 MPH) Brandon McClain to second
|
|
Batting: RHB Joseph Kirchmann
|
0-0: DOUBLE (Flyball, 8LXD, EV 107.5 MPH) Brandon McClain scores Xavier Davis to third
|
|
Batting: RHB Corey Dalton
|
0-0: Ball 1-0: SINGLE (Flyball, 9LM, EV 98.1 MPH) Xavier Davis scores Joseph Kirchmann to third Runner from 3rd tries for Home, SAFE, throw by RF to home
|
|
Batting: LHB Tommy Williams
|
0-0: Foul Ball, location: 2F 0-1: Swinging Strike 0-2: Ball 1-2: Ball 2-2: Strikes out swinging
|
|
Batting: RHB Mike Shook
|
0-0: Called Strike 0-1: Ball 1-1: Ball 2-1: Ball 3-1: Base on Balls Corey Dalton to second
|
|
Batting: RHB Andy Cunningham
|
0-0: Swinging Strike 0-1: Called Strike 0-2: Fly out, F8 (Flyball, 8RS, EV 88.8 MPH)
|
| Bottom of the 1st over - 3 runs, 3 hits, 1 error, 2 left on base; Dayton 0 - Atlanta (MID) 3 |
| TOP OF THE 2ND |
|
Dayton Dragons batting - Pitching for Atlanta (MID) Braves : RHP Josh Thomas
|
|
Batting: RHB Jonathan Davis
|
0-0: Swinging Strike 0-1: Foul Ball, location: 2F 0-2: Strikes out looking
|
|
Batting: RHB Ben Hinman
|
0-0: Called Strike 0-1: Called Strike 0-2: Ball 1-2: Ball 2-2: Ground out 5-3 (Groundball, 56, EV 88.1 MPH)
|
|
Batting: RHB Pat Grover
|
0-0: Called Strike 0-1: Ball 1-1: SINGLE (Line Drive, 4M, EV 95.0 MPH)
|
|
Batting: RHB Tim Walter
|
0-0: Called Strike 0-1: Ball 1-1: Ball 2-1: Ball 3-1: Called Strike 3-2: Base on Balls Pat Grover to second
|
|
Batting: LHB Nick Nino
|
0-0: Ball Wild Pitch! Pat Grover to third Tim Walter to second 1-0: Ball 2-0: Swinging Strike 2-1: SINGLE (Flyball, 3D, EV 91.9 MPH) Pat Grover scores Tim Walter to third Runner from 3rd tries for Home, SAFE, throw by RF to home
|
|
Batting: LHB Leo Gomez
|
0-0: Ball Nick Nino steals 2nd, throwing error, E2 Nick Nino to third 1-0: Ground out 6-3 (Groundball, 6, EV 89.4 MPH)
|
| Top of the 2nd over - 2 runs, 2 hits, 1 error, 1 left on base; Dayton 2 - Atlanta (MID) 3 |
| BOTTOM OF THE 2ND |
|
Atlanta (MID) Braves batting - Pitching for Dayton Dragons : RHP Adam McCurdy
|
|
Batting: RHB David Zelaya
|
0-0: Ball 1-0: Swinging Strike 1-1: Foul Ball, location: 2F 1-2: Foul Ball, location: 2F 1-2: Ball 2-2: Strikes out swinging
|
|
Batting: LHB Travis Lazaro
|
0-0: Foul Ball, location: 2F 0-1: Ball 1-1: DOUBLE (Line Drive, 7LM, EV 109.4 MPH)
|
|
Batting: SHB Brandon McClain
|
0-0: Called Strike 0-1: Ball 1-1: Ball 2-1: Ball 3-1: Foul Ball, location: 2F 3-2: Fly out, F8 (Flyball, 8LM, EV 87.5 MPH)
|
|
Batting: RHB Xavier Davis
|
0-0: Ball 1-0: Swinging Strike 1-1: Ball 2-1: Swinging Strike 2-2: Foul Ball, location: 2F 2-2: Ball 3-2: Foul Ball, location: 2F 3-2: Base on Balls
|
|
Batting: RHB Joseph Kirchmann
|
0-0: Ball 1-0: Foul Ball, location: 2F 1-1: Foul Ball, location: 2F 1-2: Strikes out swinging
|
| Bottom of the 2nd over - 0 runs, 1 hit, 0 errors, 2 left on base; Dayton 2 - Atlanta (MID) 3 |
| TOP OF THE 3RD |
|
Dayton Dragons batting - Pitching for Atlanta (MID) Braves : RHP Josh Thomas
|
|
Batting: LHB Chris Grunwald
|
0-0: Ball 1-0: Ball 2-0: Foul Ball, location: 2F 2-1: Swinging Strike 2-2: Ball 3-2: Foul Ball, location: 2F 3-2: DOUBLE (Flyball, 8RXD, EV 93.8 MPH)
|
|
Batting: SHB Kristian Kristensen
|
0-0: Ball 1-0: Ball 2-0: Ball 3-0: Called Strike 3-1: Base on Balls
|
|
Batting: LHB Matt Kennedy
|
0-0: SINGLE (Line Drive, 8RM, EV 85.6 MPH) Chris Grunwald to third Kristian Kristensen to second
|
|
Batting: RHB Jonathan Davis
|
0-0: Ball 1-0: Foul Ball, location: 2F 1-1: Foul Ball, location: 2F 1-2: Fielders Choice at 2nd, 4-6 (Groundball, 4, EV 105.0 MPH) Chris Grunwald scores Kristian Kristensen to third
|
|
Batting: RHB Ben Hinman
|
0-0: Called Strike 0-1: Foul Ball, location: 2F 0-2: Fly out, F8 (Flyball, 8RXD, EV 94.4 MPH) Runner from 3rd tags up, SCORES, no throw by CF
|
|
Batting: RHB Pat Grover
|
0-0: Called Strike 0-1: Foul Ball, location: 2F 0-2: Ball 1-2: Foul Ball, location: 2F 1-2: Ball 2-2: Foul Ball, location: 2F 2-2: Ball 3-2: Foul Ball, location: 2F 3-2: Base on Balls Jonathan Davis to second
|
|
Batting: RHB Tim Walter
|
0-0: Ball 1-0: Reached on error, E6 (Groundball, 56, EV 87.5 MPH) Jonathan Davis to third Pat Grover to second
|
|
Batting: LHB Nick Nino
|
0-0: Ball 1-0: SINGLE (Groundball, 4M, EV 98.8 MPH) (infield hit) Jonathan Davis scores Pat Grover to third Tim Walter to second
|
|
Batting: LHB Leo Gomez
|
0-0: Called Strike 0-1: Foul Ball, location: 2F 0-2: Ball 1-2: Fly out, F7 (Line Drive, 7, EV 109.4 MPH)
|
| Top of the 3rd over - 3 runs, 3 hits, 1 error, 3 left on base; Dayton 5 - Atlanta (MID) 3 |
| BOTTOM OF THE 3RD |
|
Atlanta (MID) Braves batting - Pitching for Dayton Dragons : RHP Adam McCurdy
|
|
Batting: RHB Corey Dalton
|
0-0: Fly out, F3 (Popup, 3SF, EV 72.5 MPH)
|
|
Batting: LHB Tommy Williams
|
0-0: Fly out, F4 (Line Drive, 4, EV 70.0 MPH)
|
|
Batting: RHB Mike Shook
|
0-0: Ball 1-0: Foul Ball, location: 2F 1-1: Foul Ball, location: 2F 1-2: Reached via error on a dropped throw from 1B, E1 (Groundball, 34, EV 88.8 MPH)
|
|
Batting: RHB Andy Cunningham
|
0-0: Foul Ball, location: 2F 0-1: Ball 1-1: Fielders Choice at 2nd, 5-4 (Groundball, 5, EV 106.9 MPH)
|
| Bottom of the 3rd over - 0 runs, 0 hits, 1 error, 1 left on base; Dayton 5 - Atlanta (MID) 3 |
| TOP OF THE 4TH |
|
Dayton Dragons batting - Pitching for Atlanta (MID) Braves : RHP Josh Thomas
|
|
Batting: LHB Chris Grunwald
|
0-0: Ball 1-0: Foul Ball, location: 2F 1-1: Ball 2-1: Called Strike 2-2: Fly out, F8 (Flyball, 8RXD, EV 103.8 MPH)
|
|
Batting: SHB Kristian Kristensen
|
0-0: Called Strike 0-1: Foul Ball, location: 2F 0-2: Foul Ball, location: 2F 0-2: Ball 1-2: Ball 2-2: Foul Ball, location: 2F 2-2: Foul Ball, location: 2F 2-2: Foul Ball, location: 2F 2-2: Ground out 5-3 (Groundball, 5, EV 104.4 MPH)
|
|
Batting: LHB Matt Kennedy
|
0-0: Ball 1-0: Ball 2-0: Called Strike 2-1: Foul Ball, location: 2F 2-2: Ball 3-2: Foul Ball, location: 2F 3-2: SINGLE (Line Drive, 89S, EV 95.6 MPH)
|
|
Pitching: RHP Tom Lessor
|
|
|
Batting: RHB Jonathan Davis
|
0-0: Ball 1-0: Fly out, F8 (Line Drive, 8LM, EV 99.4 MPH)
|
| Top of the 4th over - 0 runs, 1 hit, 0 errors, 1 left on base; Dayton 5 - Atlanta (MID) 3 |
| BOTTOM OF THE 4TH |
|
Atlanta (MID) Braves batting - Pitching for Dayton Dragons : RHP Adam McCurdy
|
|
Batting: RHB David Zelaya
|
0-0: Ball 1-0: Ball 2-0: Swinging Strike 2-1: SINGLE (Groundball, 4D, EV 107.5 MPH)
|
|
Batting: LHB Travis Lazaro
|
0-0: Foul Ball, location: 2F 0-1: Ball 1-1: Called Strike 1-2: Foul Ball, location: 2F 1-2: Ball 2-2: Ball 3-2: Base on Balls David Zelaya to second
|
|
Batting: SHB Brandon McClain
|
0-0: Single, Error in OF, E7, batter to second base (Line Drive, 56D, EV 98.1 MPH) David Zelaya scores Travis Lazaro to third
|
|
Batting: RHB Xavier Davis
|
0-0: Ball Wild Pitch! Travis Lazaro scores Brandon McClain to third 1-0: Ground out 6-3 (Groundball, 6, EV 100.0 MPH) Brandon McClain scores
|
|
Batting: RHB Joseph Kirchmann
|
0-0: Called Strike 0-1: Ball 1-1: Fly out, F8 (Flyball, 8LM, EV 89.4 MPH)
|
|
Batting: RHB Corey Dalton
|
0-0: Called Strike 0-1: TRIPLE (Flyball, 8RXD, EV 105.6 MPH)
|
|
Batting: LHB Tommy Williams
|
0-0: Ball 1-0: Swinging Strike 1-1: DOUBLE (Groundball, 3L, EV 105.6 MPH) Corey Dalton scores
|
|
Pitching: LHP Tim Ketcham
|
|
|
Batting: RHB Mike Shook
|
0-0: Foul Ball, location: 2F 0-1: Ball 1-1: Swinging Strike 1-2: Strikes out looking
|
| Bottom of the 4th over - 4 runs, 4 hits, 1 error, 1 left on base; Dayton 5 - Atlanta (MID) 7 |
| TOP OF THE 5TH |
|
Dayton Dragons batting - Pitching for Atlanta (MID) Braves : RHP Tom Lessor
|
|
Batting: RHB Ben Hinman
|
0-0: Foul Ball, location: 2F 0-1: Ball 1-1: Ball 2-1: Swinging Strike 2-2: Foul Ball, location: 2F 2-2: Ground out 2-3 (Groundball, 2L, EV 69.4 MPH)
|
|
Batting: RHB Pat Grover
|
0-0: Ball 1-0: Foul Ball, location: 2F 1-1: Ball 2-1: Foul Ball, location: 2F 2-2: Foul Ball, location: 2F 2-2: Ball 3-2: Foul Ball, location: 2F 3-2: Foul Ball, location: 2F 3-2: Ground out 5-3 (Groundball, 5, EV 97.5 MPH)
|
|
Batting: RHB Tim Walter
|
0-0: Called Strike 0-1: Ball 1-1: Foul Ball, location: 2F 1-2: Ball 2-2: Foul Ball, location: 2F 2-2: Reached on error, E5 (Groundball, 56, EV 86.2 MPH)
|
|
Batting: LHB Nick Nino
|
0-0: Called Strike 0-1: Ball Wild Pitch! Tim Walter to second 1-1: Ground out 3-1 (Groundball, 34D, EV 88.8 MPH)
|
| Top of the 5th over - 0 runs, 0 hits, 1 error, 1 left on base; Dayton 5 - Atlanta (MID) 7 |
| BOTTOM OF THE 5TH |
|
Atlanta (MID) Braves batting - Pitching for Dayton Dragons : LHP Tim Ketcham
|
|
Batting: RHB Andy Cunningham
|
0-0: Called Strike 0-1: Swinging Strike 0-2: Ball 1-2: Strikes out looking
|
|
Batting: RHB David Zelaya
|
0-0: SINGLE (Groundball, 56D, EV 100.0 MPH)
|
|
Batting: LHB Travis Lazaro
|
0-0: Called Strike 0-1: Hit by Pitch David Zelaya to second
|
|
Batting: SHB Brandon McClain
|
0-0: Fielders Choice at 2nd, 6-4 (Groundball, 56, EV 103.1 MPH) David Zelaya to third
|
|
Batting: RHB Xavier Davis
|
0-0: Ball 1-0: Ball 2-0: Ground out 6-3 (Groundball, P, EV 85.0 MPH)
|
| Bottom of the 5th over - 0 runs, 1 hit, 0 errors, 2 left on base; Dayton 5 - Atlanta (MID) 7 |
| TOP OF THE 6TH |
|
Dayton Dragons batting - Pitching for Atlanta (MID) Braves : RHP Tom Lessor
|
|
Batting: LHB Leo Gomez
|
0-0: Fly out, F7 (Flyball, 7D, EV 91.9 MPH)
|
|
Batting: LHB Chris Grunwald
|
0-0: Ball 1-0: Ground out U3 (Groundball, 3, EV 105.0 MPH)
|
|
Batting: SHB Kristian Kristensen
|
0-0: Ball 1-0: Ball 2-0: Called Strike 2-1: Ball 3-1: Base on Balls
|
|
Batting: LHB Matt Kennedy
|
0-0: Ball 1-0: Ball 2-0: Ball 3-0: Base on Balls Kristian Kristensen to second
|
|
Pitching: RHP Jae-young Jhang
|
|
|
Batting: RHB Jonathan Davis
|
0-0: Foul Ball, location: 2F 0-1: Ball 1-1: Foul Ball, location: 2F 1-2: Fielders Choice at 2nd, 6-4 (Groundball, 6, EV 81.2 MPH)
|
| Top of the 6th over - 0 runs, 0 hits, 0 errors, 2 left on base; Dayton 5 - Atlanta (MID) 7 |
| BOTTOM OF THE 6TH |
|
Atlanta (MID) Braves batting - Pitching for Dayton Dragons : LHP Tim Ketcham
|
|
Batting: RHB Joseph Kirchmann
|
0-0: Ball 1-0: Ball 2-0: Ball 3-0: Base on Balls
|
|
Batting: RHB Corey Dalton
|
0-0: Ball 1-0: Ball 2-0: Grounds into double play, 6-4-3 (Groundball, 6MS, EV 91.9 MPH)
|
|
Batting: LHB Tommy Williams
|
0-0: SINGLE (Groundball, 56D, EV 99.4 MPH)
|
|
Batting: RHB Mike Shook
|
0-0: Called Strike Tommy Williams is caught stealing 2nd base 2-4
|
| Bottom of the 6th over - 0 runs, 1 hit, 0 errors, 0 left on base; Dayton 5 - Atlanta (MID) 7 |
| TOP OF THE 7TH |
|
Dayton Dragons batting - Pitching for Atlanta (MID) Braves : RHP Jae-young Jhang
|
|
Batting: RHB Ben Hinman
|
0-0: Called Strike 0-1: Foul Ball, location: 2F 0-2: Ball 1-2: Ball 2-2: Fly out, F9 (Flyball, 9LS, EV 86.9 MPH)
|
|
Batting: RHB Pat Grover
|
0-0: Called Strike 0-1: Ball 1-1: Ball 2-1: Ground out 2-3 (Groundball, 2R, EV 71.9 MPH)
|
|
Batting: RHB Tim Walter
|
0-0: Ball 1-0: Ground out 5-3 (Groundball, 56S, EV 81.2 MPH)
|
| Top of the 7th over - 0 runs, 0 hits, 0 errors, 0 left on base; Dayton 5 - Atlanta (MID) 7 |
| BOTTOM OF THE 7TH |
|
Atlanta (MID) Braves batting - Pitching for Dayton Dragons : LHP Tim Ketcham
|
|
Pitching: RHP Joe Green
|
|
|
Batting: RHB Mike Shook
|
0-0: Ball 1-0: Ball 2-0: Ball 3-0: Base on Balls
|
|
Batting: RHB Andy Cunningham
|
0-0: Fly out, F8 (Flyball, 78D, EV 80.6 MPH)
|
|
Batting: RHB David Zelaya
|
0-0: Ball 1-0: Foul Ball, location: 2F 1-1: Fielders Choice at 2nd, 5-4 (Groundball, 56, EV 81.2 MPH)
|
|
Batting: LHB Travis Lazaro
|
0-0: Foul Ball, location: 2F 0-1: DOUBLE (Flyball, 78D, EV 104.4 MPH) David Zelaya to third Runner from 3rd tries for Home, throw by LF and OUT! 7-6-2
|
| Bottom of the 7th over - 0 runs, 1 hit, 0 errors, 1 left on base; Dayton 5 - Atlanta (MID) 7 |
| TOP OF THE 8TH |
|
Dayton Dragons batting - Pitching for Atlanta (MID) Braves : RHP Jae-young Jhang
|
|
Pitching: LHP Enrique Lopez
|
|
|
Batting: LHB Nick Nino
|
0-0: Ball 1-0: Foul Ball, location: 2F 1-1: Ground out 4-3 (Groundball, 4, EV 100.6 MPH)
|
|
Batting: LHB Leo Gomez
|
0-0: Foul Ball, location: 2F 0-1: Ball 1-1: DOUBLE (Line Drive, 7LM, EV 100.6 MPH)
|
|
Batting: LHB Chris Grunwald
|
0-0: Called Strike 0-1: Foul Ball, location: 2F 0-2: Foul Ball, location: 2F 0-2: Ball 1-2: Foul Ball, location: 2F 1-2: Strikes out swinging
|
|
Batting: SHB Kristian Kristensen
|
0-0: Foul Ball, location: 2F 0-1: SINGLE (Groundball, 4MD, EV 109.4 MPH) Leo Gomez to third Runner from 3rd tries for Home, throw by CF and OUT! 8-2
|
| Top of the 8th over - 0 runs, 2 hits, 0 errors, 1 left on base; Dayton 5 - Atlanta (MID) 7 |
| BOTTOM OF THE 8TH |
|
Atlanta (MID) Braves batting - Pitching for Dayton Dragons : RHP Joe Green
|
|
Pitching: RHP Justin Ambrose
|
|
|
Batting: SHB Brandon McClain
|
0-0: Called Strike 0-1: Called Strike 0-2: Ball 1-2: Ball 2-2: Ball 3-2: Ground out 3-1 (Groundball, 34, EV 103.1 MPH)
|
|
Batting: RHB Xavier Davis
|
0-0: Ball 1-0: SINGLE (Groundball, 56D, EV 102.5 MPH)
|
|
Batting: RHB Joseph Kirchmann
|
0-0: Called Strike 0-1: Ball Xavier Davis steals 2nd base 1-1: Ball 2-1: Called Strike 2-2: Ground out U3 (Groundball, 3S, EV 80.6 MPH) Xavier Davis to third
|
|
Batting: RHB Corey Dalton
|
0-0: Ground out 6-3 (Groundball, 56, EV 77.5 MPH)
|
| Bottom of the 8th over - 0 runs, 1 hit, 0 errors, 1 left on base; Dayton 5 - Atlanta (MID) 7 |
| TOP OF THE 9TH |
|
Dayton Dragons batting - Pitching for Atlanta (MID) Braves : LHP Enrique Lopez
|
|
Pitching: RHP Jeff Heaster
|
|
|
Batting: LHB Matt Kennedy
|
0-0: Foul Ball, location: 2F 0-1: Called Strike 0-2: Foul Ball, location: 2F 0-2: Ball 1-2: Ball 2-2: Ball 3-2: Fly out, F9 (Flyball, 89S, EV 78.8 MPH)
|
|
Pinch Hitting: LHB Andrew Hamm
|
0-0: Ball 1-0: Foul Ball, location: 2F 1-1: Ground out U3 (Groundball, 3, EV 83.8 MPH)
|
|
Batting: RHB Ben Hinman
|
0-0: Swinging Strike 0-1: Foul Ball, location: 2F 0-2: Strikes out swinging
|
| Top of the 9th over - 0 runs, 0 hits, 0 errors, 0 left on base; Dayton 5 - Atlanta (MID) 7 |
|